 Dungeon Crawl Stone Soup version 0.30-a0-989-g0d87f670db (webtiles) character file.

Game seed: 4664493178990565778

108348 112233 the Thaumaturge (level 16, -16/135 HPs)
             Began as a Demonspawn Summoner on Apr 4, 2023.
             Was an Initiate of Gozag.
             Shot with an arrow by a naga sharpshooter (25 damage)
             ... led by Vashnia
             ... on level 2 of the Snake Pit.
             The game lasted 00:58:59 (31427 turns).

112233 the Thaumaturge (Demonspawn Summoner)       Turns: 31427, Time: 00:59:00

Health: -16/135    AC: 11    Str:  5    XL:     16   Next: 2%
Magic:  0/34       EV: 17    Int: 31    God:    Gozag
Gold:   5005       SH:  0    Dex: 15    Spells: 6/43 levels left

rFire   . . .      SeeInvis .    v - staff of air
rCold   + . .      Faith    .    (no shield)
rNeg    . . .      Spirit   +    N - +2 robe {rC+}
rPois   .          Reflect  .    (no helmet)
rElec   +          Rampage  .    z - +0 cloak
rCorr   .          Archmagi +    (gloves unavailable)
Will    ++++.                    y - +2 pair of boots
Stlth   ++                       f - amulet "Zeupodgh" {Drain Will+++ Regen+ Str-4 Slay+6}
HPRegen 1.22/turn                B - +8 ring of intelligence
MPRegen 0.48/turn                k - ring of the Mage {Wiz Archmagi}

@: no status effects
A: claws 3, rugged brown scales 3, foul stench 1, magic shield, magic
regeneration
a: Renounce Religion, Potion Petition, Call Merchant, Bribe Branch


You were on level 2 of the Snake Pit.
You worshipped Gozag.
Gozag was greatly pleased with you.
You visited 5 branches of the dungeon, and saw 25 of its levels.
You also visited: Trove.

You collected 9140 gold pieces.
You spent 2802 gold pieces at shops.
You paid 1333 gold pieces to Gozag.

Inventory:

Hand Weapons
 q - a +1 arbalest of freezing
Armour
 t - a +0 pair of gloves
 y - a +2 pair of boots (worn)
 z - a +0 cloak (worn)
 L - a +2 kite shield of reflection
 N - a +2 robe of cold resistance (worn)
Magical Staves
 v - a staff of air (weapon)
Jewellery
 b - the ring of Agaemah {rCorr Int+2 Dex+2}
   (You found it in a treasure trove)

   [ring of resist corrosion]

   Int:       It affects your intelligence (+2).
   Dex:       It affects your dexterity (+2).
   rCorr:     It protects you from acid and corrosion.
 f - the amulet "Zeupodgh" (around neck) {Drain Will+++ Regen+ Str-4 Slay+6}
   (You found it in a treasure trove)

   [amulet of regeneration]

   Str:       It affects your strength (-4).
   Slay:      It affects your accuracy & damage with ranged weapons and melee
   (+6).
   Regen:     It increases your rate of health regeneration.
   Drain:     It drains your maximum health when unequipped.
   Will:      It greatly increases your willpower.
 g - the ring of Asmoism {rC+ MP+9 SInv}
   (You found it in a treasure trove)

   [ring of magical power]

   rC:        It protects you from cold.
   MP:        It affects your magic capacity (+9).
   SInv:      It lets you see invisible.
 k - the ring of the Mage (right claw) {Wiz Archmagi}
   (You acquired it on level 10 of the Dungeon)

   [ring of wizardry]

   It improves your spell success rate.
   Archmagi:  It increases the power of your magical spells.
 B - a +8 ring of intelligence (left claw)
 P - a +4 ring of protection
 T - an amulet of magic regeneration
Wands
 j - a wand of mindburst (18)
 s - a wand of roots (14)
 E - a wand of flame (24)
 F - a wand of polymorph (3)
 G - a wand of paralysis (10)
 U - a wand of light (4)
Scrolls
 a - 4 scrolls of enchant weapon
 d - 4 scrolls of enchant armour
 h - a scroll of vulnerability
 i - 3 scrolls of fear
 l - 10 scrolls of amnesia
 n - 3 scrolls of magic mapping
 o - a scroll of brand weapon
 p - 3 scrolls of blinking
 r - a scroll of silence
 u - 5 scrolls of fog
 x - a scroll of immolation {unknown}
 A - 8 scrolls of identify
 H - 2 scrolls of teleportation
 J - 3 scrolls of poison
Potions
 c - 4 potions of ambrosia
 e - 5 potions of brilliance
 m - 3 potions of mutation
 w - 3 potions of might
 C - a potion of invisibility
 D - 2 potions of curing
 I - 7 potions of attraction
 K - 5 potions of lignification
 M - 2 potions of haste
 O - a potion of cancellation {unknown}
 Q - a potion of heal wounds
 R - 2 potions of flight
 S - 2 potions of berserk rage {unknown}


   Skills:
 + Level 12.0 Fighting
 + Level 10.8 Dodging
 - Level 1.7 Stealth
 + Level 7.6 Unarmed Combat
 * Level 14.3 Spellcasting
 + Level 11.3 Summonings
 + Level 7.5 Transmutations
 + Level 10.4 Air Magic


You had 6 spell levels left.
You knew the following spells:

 Your Spells              Type           Power      Damage    Failure   Level
a - Summon Cactus Giant   Summ           47%        N/A       1%          6
b - Summon Lightning Spi  Summ/Air       100%       N/A       1%          4
c - Call Canine Familiar  Summ           95%        N/A       1%          3
d - Summon Hydra          Summ           47%        N/A       7%          7
e - Call Imp              Summ           95%        N/A       1%          2
f - Blink                 Tloc           66%        N/A       1%          2
g - Passwall              Tmut/Erth      51%        N/A       1%          2
h - Summon Small Mammal   Summ           100%       N/A       0%          1
i - Storm Form            Tmut/Air       54%        N/A       17%         7
j - Summon Guardian Gole  Hex/Summ       72%        N/A       1%          3

Your spell library contained the following spells:

 Spells                   Type           Power      Damage    Failure   Level
 Freeze                   Ice            100%       1d10      1%          1
 Cigotuvi's Dreadful Rot  Necr/Pois/Air  100%       N/A       1%          2
 Static Discharge         Conj/Air       100%       2-7/arc   1%          2
 Vhi's Electric Charge    Tloc/Air       100%       N/A       1%          3
 Airstrike                Air            57%        2d(9-25)  1%          4
 Animate Armour           Summ/Erth      100%       N/A       1%          4
 Ice Form                 Ice/Tmut       62%        N/A       1%          4
 Summon Ice Beast         Ice/Summ       72%        N/A       1%          4
 Blade Hands              Tmut           40%        N/A       1%          5
 Dazzling Flash           Conj/Hex       66%        N/A       2%          3
 Frozen Ramparts          Ice            66%        1d10      2%          3
 Hailstorm                Conj/Ice       33%        3d8       2%          3
 Inner Flame              Hex/Fire       33%        N/A       2%          3
 Tukima's Dance           Hex            33%        N/A       2%          3
 Arcjolt                  Conj/Air       44%        1d54      2%          5
 Plasma Beam              Fire/Air       44%        2x1d42    2%          5
 Silence                  Hex/Air        44%        N/A       2%          5
 Alistair's Intoxication  Tmut/Pois      41%        N/A       4%          5
 Yara's Violent Unravell  Hex/Tmut       31%        3d13      4%          5
 Flame Wave               Conj/Fire      33%        2d10      9%          4
 Manifold Assault         Tloc           33%        N/A       9%          4
 Passage of Golubria      Tloc           33%        N/A       9%          4
 Sticky Flame             Conj/Fire      33%        2d5       9%          4
 Agony                    Necr           33%        N/A       24%         5
 Borgnjor's Vile Clutch   Necr/Erth      16%        N/A       24%         5
 Eringya's Noxious Bog    Tmut/Pois      31%        N/A       26%         6
 Death Channel            Necr           16%        N/A       75%         6
 Iron Shot                Conj/Erth      16%        9d4       75%         6
 Maxwell's Capacitive Co  Air            57%        ∞         56%         8
 Animate Dead             Necr           Unusable   N/A       N/A         4

Dungeon Overview and Level Annotations

Branches:
Dungeon (15/15)            Temple (1/1) D:4            Lair (5/5) D:11
 Shoals (0/4) Lair:2        Snake (2/4) Lair:2        Slime (0/5) Lair:4
    Orc (2/2) D:11            Elf (0/3) Orc:2        Vaults (0/5) D:13
 Depths (0/4) D:15

Altars:
Ashenzari
Cheibriados
Dithmenos
Fedhas
Gozag
Hepliaklqana
Kikubaaqudgha
Makhleb
Nemelex Xobeh
Okawaru
Qazlal
Ru
Sif Muna
Trog
Uskayaw
Vehumet
Wu Jian
Xom
Yredelemnul

Shops:
D:8 =   D:11 **   Orc:2 *(:[   Snake:1 (

Annotations:
D:5 1 runed translucent door, Crazy Yiuf
Snake:1 exclusion: downstairs
Snake:2 Vashnia


Innate Abilities, Weirdness & Mutations

You have claws for hands.
You are completely covered in rugged brown scales. (AC +3, +7% HP)
You may rarely emit foul miasma when damaged in melee.
When hurt, damage is shared between your health and your magic reserves.
You regenerate magic rapidly.


Message History

Your cactus giant barely misses Vashnia.
You feel sick.
Your eight-headed hydra bites Vashnia!
Your eight-headed hydra misses Vashnia.
Your eight-headed hydra bites Vashnia.
Your eight-headed hydra bites Vashnia but does no damage.
Your eight-headed hydra misses Vashnia.
Your eight-headed hydra bites Vashnia!
Your eight-headed hydra bites Vashnia but does no damage. x2
Vashnia shoots an arrow.
The arrow hits your cactus giant!!!
Unknown command.
You feel sick.
Vashnia shoots an arrow.
The arrow hits your cactus giant!!
Your eight-headed hydra completely misses Vashnia.
Your eight-headed hydra closely misses Vashnia.
Your eight-headed hydra barely misses Vashnia.
Your eight-headed hydra bites Vashnia but does no damage.
Your eight-headed hydra bites Vashnia!
Your eight-headed hydra bites Vashnia but does no damage.
Your eight-headed hydra bites Vashnia!
Your eight-headed hydra bites Vashnia.
You feel sick.
Your eight-headed hydra bites Vashnia.
Your eight-headed hydra bites Vashnia but does no damage.
Your eight-headed hydra bites Vashnia.
Your eight-headed hydra bites Vashnia!
Your eight-headed hydra bites Vashnia but does no damage.
Your eight-headed hydra completely misses Vashnia.
Your eight-headed hydra bites Vashnia. x2
Your cactus giant hits Vashnia with a +0 giant spiked club!
Vashnia casts a spell.
Vashnia blinks!
You feel sick.
You are no longer poisoned.
The naga sharpshooter gestures wildly while chanting.
The naga sharpshooter magically shoots an arrow.
The arrow closely misses you.
The naga sharpshooter spits poison at you.
The splash of poison hits your cactus giant.
Your cactus giant completely resists.
Vashnia shoots an arrow.
The arrow hits you!!!
* * * LOW HITPOINT WARNING * * *
The naga sharpshooter gestures wildly while chanting.
The naga sharpshooter magically shoots an arrow.
The arrow hits you!!
You die...
Your body crumbles into a pile of gold.

#........
######....N..#
##.....###N####
#......###D#
#........C.#
#.._......#
#.........#
#........D#
#..@...#
#8.....#
#..$..N.#
#........#
##....$....
##.....##.
#######


You could see Vashnia (ally target), 2 naga sharpshooters, 2 friendly
eight-headed hydras, a friendly cactus giant (summoned) and a friendly lightning
spire (summoned).

Vanquished Creatures
  Kirke (Lair:4)
  A catoblepas (Lair:5)
  A two-headed ogre (D:15)
  An orc high priest (Orc:2)
  Urug (Orc:2)
  A glowing orange brain (D:15)
  A mana viper (Snake:1)
  An orc sorcerer (Orc:2)
  3 elephants
  3 black mambas
  An unseen horror (D:12)
  A rime drake (Lair:5)
  2 trolls
  A meliai (D:15)
  A polar bear (Lair:2)
  A blink frog (Lair:1)
  A blink frog (shapeshifter) (D:13)
  A slime creature (D:15)
  5 yaks
  A wraith (D:10)
  A warg (Orc:1)
  A hell hound (D:13)
  A water moccasin (Lair:1)
  An orc warrior (Orc:2)
  A centaur (D:8)
  A killer bee (D:10)
  A howler monkey (D:6)
  A vampire bat (Lair:5)
  A hound (D:5)
  A jelly (Lair:4)
  2 sleepcaps
  2 orc wizards (Orc:1)
  2 adders
  A white imp (D:6)
  3 dart slugs (D:4)
  9 orcs
  2 ball pythons
  2 bats
  An endoplasm (D:1)
  A giant cockroach (D:4)
  A hobgoblin (D:2)
  A kobold (D:2)
  3 rats (D:2)
69 creatures vanquished.

Vanquished Creatures (collateral kills)
  Frances (D:14)
  2 orc warlords (Orc:2)
  An ironbound preserver (D:13)
  A very ugly thing (D:15)
  Azrael (D:13)
  Snorg (Orc:2)
  An ogre mage (D:15)
  4 catoblepae (Lair:5)
  3 tengu warriors
  9 two-headed ogres
  2 boulder beetles
  14 death yaks
  A naga sharpshooter (Snake:2)
  4 orc high priests
  Sonja (Lair:3)
  A skyshark (Lair:2)
  A naga ritualist (Snake:1)
  A lindwurm (Lair:3)
  4 orc knights
  3 mana vipers (Snake:1)
  3 deep elf pyromancers (D:13)
  4 cyclopes
  13 ugly things
  A manticore (Lair:5)
  A cyclops (shapeshifter) (D:15)
  5 orc sorcerers
  A salamander (Snake:1)
  A guardian serpent (Snake:1)
  13 black mambas
  2 naga magi (Snake:1)
  15 elephants
  10 cane toads
  A rime drake (Lair:4)
  4 yaktaurs (D:15)
  4 efreet
  2 komodo dragons
  2 kobold demonologists (D:13)
  A tengu conjurer (D:14)
  A troll (shapeshifter) (D:14)
  2 meliai (D:15)
  2 trolls
  2 polar bears
  21 blink frogs
  4 nameless horrors
  A hornet (D:7)
  10 slime creatures
  7 dream sheep (Lair:5)
  3 spriggans (Lair:1)
  3 vampires
  A wraith (D:13)
  3 hogs (Lair:4)
  5 wyverns
  59 yaks
  2 fire elementals (D:13)
  8 basilisks
  A steam dragon (D:8)
  4 vampire mosquitoes (D:10)
  A harpy simulacrum (D:14)
  2 wargs
  6 nagas
  An acid dragon (D:10)
  7 water moccasins
  5 hell hounds (D:13)
  20 orc warriors
  A black bear (D:3)
  6 wolves
  6 ogres
  11 centaurs
  A phantom (D:7)
  2 kobold brigands
  16 bullfrogs
  3 scorpions (D:5)
  A gnoll sergeant (D:13)
  A wight (D:7)
  14 killer bees
  2 electric eels (Lair:3)
  2 lava snakes (Lair:3)
  3 vampire bats (Lair:5)
  A howler monkey (D:7)
  2 gnoll boudas (D:7)
  10 orc priests
  A hound (D:4)
  6 jellies
  2 iguanas (D:5)
  16 orc wizards
  5 gnolls
  5 adders
  2 shadow imps (D:6)
  2 white imps
  An ufetubus (D:4)
  2 worms (D:2)
  63 orcs
  7 bats
  8 endoplasms
  2 goblins (D:1)
  3 hobgoblins
  7 quokkas
  6 ball pythons
  2 frilled lizards (D:1)
  10 kobolds
  2 rats
554 creatures vanquished.

Vanquished Creatures (others)
  Donald (Orc:1)
  A death yak (Lair:4)
  An orc knight (Orc:2)
  An orc sorcerer (Orc:2)
  A manticore (Lair:5)
  An elephant (Lair:1)
  2 cane toads (Lair:1)
  A komodo dragon (Lair:3)
  2 trolls
  A polar bear (Lair:1)
  A hornet (D:8)
  A blink frog (Lair:5)
  A slime creature (D:15)
  7 yaks
  3 water moccasins
  3 orc warriors
  An ogre (Orc:2)
  2 black bears (D:6)
  2 centaurs
  A kobold brigand (D:7)
  A bullfrog (D:7)
  A gnoll sergeant (D:7)
  2 scorpions
  An iguana (D:7)
  An orc wizard (Orc:2)
  3 gnolls (D:7)
  3 orcs
  22 fungi
  93 plants
161 creatures vanquished.

Grand Total: 784 creatures vanquished

Notes
Turn   | Place    | Note
-------+----------+-------------------------------------------
     0 | D:1      | 112233 the Demonspawn Summoner began the quest for the Orb.
     0 | D:1      | Reached XP level 1. HP: 13/13 MP: 3/3
   470 | D:1      | Reached skill level 1 in Fighting
   472 | D:1      | Gained mutation: You may rarely emit foul miasma when
                  | damaged in melee. [demonic ancestry]
   472 | D:1      | Reached XP level 2. HP: 21/21 MP: 1/5
   475 | D:1      | Learned a level 2 spell: Call Imp
  2013 | D:2      | Gained mutation: You are partially covered in rugged brown
                  | scales. (AC +1, +3% HP) [demonic ancestry]
  2013 | D:2      | Reached XP level 3. HP: 18/27 MP: 0/7
  2757 | D:2      | Reached skill level 3 in Spellcasting
  2818 | D:2      | Learned a level 3 spell: Call Canine Familiar
  3063 | D:3      | Gained mutation: You have sharp fingernails. [demonic
                  | ancestry]
  3063 | D:3      | Reached XP level 4. HP: 33/35 MP: 4/8
  3179 | D:3      | Reached XP level 5. HP: 42/42 MP: 6/10
  3346 | D:3      | Found a shadowy altar of Dithmenos.
  3511 | D:3      | Found a faded altar of an unknown god.
  3799 | D:3      | Noticed a black bear
  3817 | D:3      | Killed a black bear
  4187 | D:4      | Learned a level 3 spell: Summon Guardian Golem
  4210 | D:4      | Reached skill level 4 in Spellcasting
  4257 | D:4      | Found a staircase to the Ecumenical Temple.
  4299 | Temple   | Entered the Ecumenical Temple
  4374 | Temple   | Became a worshipper of Gozag Ym Sagoz the Greedy
  4454 | D:4      | Reached XP level 6. HP: 49/49 MP: 5/12
  4466 | D:4      | Learned a level 4 spell: Summon Lightning Spire
  4988 | D:5      | Entered Level 5 of the Dungeon
  5254 | D:5      | Reached skill level 1 in Air Magic
  5385 | D:5      | Reached XP level 7. HP: 35/55 MP: 8/13
  5953 | D:5      | Found a runed translucent door.
  5954 | D:5      | Noticed Crazy Yiuf
  6044 | D:5      | Reached skill level 5 in Summonings
  6666 | D:6      | Gained mutation: You regenerate magic rapidly. [demonic
                  | ancestry]
  6666 | D:6      | Reached XP level 8. HP: 53/62 MP: 5/15
  6721 | D:6      | Reached skill level 5 in Spellcasting
  7424 | D:7      | Noticed a hornet
  7431 | D:7      | Reached skill level 5 in Fighting
  7433 | D:7      | Killed a hornet
  7587 | D:7      | Gained mutation: You have very sharp fingernails. [demonic
                  | ancestry]
  7587 | D:7      | Reached XP level 9. HP: 25/71 MP: 6/17
  7900 | D:7      | Found a shimmering blue altar of Sif Muna.
  7937 | D:7      | Got Sif Muna's Handbook of Heavy Reconstruction
  7942 | D:7      | Found a bloodstained altar of Trog.
  8195 | D:7      | Reached skill level 6 in Spellcasting
  8261 | D:7      | Reached skill level 5 in Dodging
  8878 | D:8      | Learned a level 2 spell: Blink
  9017 | D:8      | Found Coukea's One-of-a-Kind Rings.
  9064 | D:8      | Bought a +8 ring of intelligence for 715 gold pieces
  9100 | D:8      | Found a snail-covered altar of Cheibriados.
  9586 | D:9      | Reached skill level 5 in Air Magic
  9799 | D:9      | Gained mutation: When hurt, damage is shared between your
                  | health and your magic reserves. [demonic ancestry]
  9799 | D:9      | Reached XP level 10. HP: 57/79 MP: 8/20
 10164 | D:10     | Entered Level 10 of the Dungeon
 10192 | D:10     | Reached skill level 7 in Spellcasting
 10432 | D:10     | Learned a level 2 spell: Passwall
 10748 | D:10     | Noticed an angel
 10867 | D:10     | Found a portal to a secret trove of treasure.
 11386 | D:11     | Reached skill level 8 in Spellcasting
 11407 | D:11     | Noticed a two-headed ogre
 11412 | D:11     | Reached XP level 11. HP: 32/88 MP: 4/23
 11413 | D:11     | Killed a two-headed ogre
 11806 | D:11     | Found a staircase to the Lair.
 11808 | D:11     | Noticed a two-headed ogre
 11820 | D:11     | Killed a two-headed ogre
 11959 | D:11     | Noticed a two-headed ogre
 11967 | D:11     | Killed a two-headed ogre
 12055 | D:11     | Found Feciwn's General Store.
 12058 | D:11     | Found Luekhoc's Specific Store.
 12128 | D:11     | Found a staircase to the Orcish Mines.
 12168 | D:11     | Reached skill level 9 in Spellcasting
 12750 | D:12     | Identified a scroll of acquirement
 13189 | D:12     | Noticed a brown ugly thing
 13203 | D:12     | Killed a brown ugly thing
 13946 | Orc:1    | Entered Level 1 of the Orcish Mines
 14181 | Orc:2    | Entered Level 2 of the Orcish Mines
 14182 | Orc:2    | Noticed Urug
 14191 | Orc:2    | Noticed an orc high priest
 14193 | Orc:2    | Killed Urug
 14195 | Orc:2    | Noticed an orc sorcerer
 14197 | Orc:2    | Noticed an orc knight
 14202 | Orc:2    | Noticed an orc knight
 14263 | Orc:1    | Killed an orc knight
 14264 | Orc:1    | Reached skill level 1 in Unarmed Combat
 14264 | Orc:1    | Reached skill level 1 in Transmutations
 14669 | D:13     | Noticed a white ugly thing
 14676 | D:13     | Killed a white ugly thing
 14786 | D:13     | Noticed a deep elf pyromancer
 14791 | D:13     | Killed a deep elf pyromancer
 14834 | D:13     | Reached XP level 12. HP: 95/96 MP: 19/25
 14892 | D:13     | Noticed Azrael
 14902 | D:13     | Reached skill level 10 in Spellcasting
 14907 | D:13     | Killed Azrael
 15136 | D:13     | Identified the +5 trident of the Elven Halls {holy, rC-
                  | Str+3 Int+7}
 15416 | D:8      | Bought a +7 ring of protection for 1345 gold pieces
 15740 | Orc:2    | Noticed an orc high priest
 15752 | Orc:1    | Killed an orc high priest
 15846 | Orc:2    | Noticed an orc high priest
 15847 | Orc:2    | Noticed a two-headed ogre
 16054 | Orc:1    | Killed a two-headed ogre
 16135 | Orc:2    | Noticed Donald
 16143 | Orc:1    | Killed an orc high priest
 16291 | Orc:1    | Killed Donald
 16918 | Orc:2    | Found Inakown's General Store.
 16955 | Orc:2    | Bought a potion of lignification for 42 gold pieces
 16955 | Orc:2    | Bought a potion of haste for 140 gold pieces
 16955 | Orc:2    | Bought a potion of brilliance for 56 gold pieces
 16974 | Orc:2    | Found Qeddaq's Book Shoppe.
 17019 | Orc:2    | Noticed an orc warlord
 17051 | Orc:2    | Killed an orc warlord
 17261 | Orc:2    | Killed an orc high priest
 17262 | Orc:2    | Reached skill level 11 in Spellcasting
 17370 | Orc:2    | Found Buriciub's Antique Weapon Shoppe.
 17371 | Orc:2    | Noticed an orc high priest
 17402 | Orc:2    | Killed an orc high priest
 17627 | Orc:2    | Noticed Snorg
 17637 | Orc:2    | Noticed an orc warlord
 17639 | Orc:2    | Killed Snorg
 17640 | Orc:2    | Gained mutation: You are mostly covered in rugged brown
                  | scales. (AC +2, +5% HP) [demonic ancestry]
 17640 | Orc:2    | Reached XP level 13. HP: 99/108 MP: 18/28
 17646 | Orc:2    | Killed an orc warlord
 17698 | Orc:2    | Reached skill level 10 in Fighting
 17797 | Orc:2    | Found a staircase to the Elven Halls.
 17835 | Orc:2    | Found Hacwudio's Antique Armour Shop.
 18943 | D:10     | Acquired the ring of the Mage {Wiz Archmagi}
 18943 | D:10     | Found the ring of the Mage {Wiz Archmagi}
 18959 | D:10     | You paid a toll of a +7 ring of protection to enter a
                  | treasure trove
 18960 | Trove    | Entered a treasure trove
 18973 | Trove    | Identified the ring "Pimik" {rN+ EV+5}
 18975 | Trove    | Identified the ring of Agaemah {rCorr Int+2 Dex+2}
 18984 | Trove    | Identified the amulet "Zeupodgh" {Drain Will+++ Regen+
                  | Str-4 Slay+6}
 18988 | Trove    | Identified the ring of Asmoism {rC+ MP+9 SInv}
 18990 | Trove    | Identified the +7 eveningstar of Laceration {heavy, Fragile
                  | Fly Dex+4}
 19133 | Orc:2    | Bought the Incunable of the Collective Cure for 504 gold
                  | pieces
 19140 | Orc:2    | Learned a level 6 spell: Summon Cactus Giant
 19257 | Lair:1   | Entered Level 1 of the Lair of Beasts
 20661 | Lair:2   | Reached skill level 5 in Transmutations
 20753 | Lair:2   | Reached skill level 5 in Unarmed Combat
 20753 | Lair:2   | Reached skill level 12 in Spellcasting
 21014 | Lair:2   | Found a staircase to the Shoals.
 21284 | Lair:2   | Found a staircase to the Snake Pit.
 21811 | Lair:3   | Gained mutation: You have claws for hands. [demonic
                  | ancestry]
 21811 | Lair:3   | Reached XP level 14. HP: 116/116 MP: 22/30
 22026 | Lair:3   | Noticed Sonja
 22037 | Lair:3   | Killed Sonja
 23045 | Lair:4   | Found a staircase to the Slime Pits.
 23527 | Lair:4   | Reached skill level 10 in Summonings
 23626 | Lair:4   | Noticed Kirke
 23649 | Lair:4   | Killed Kirke
 24100 | Lair:5   | Entered Level 5 of the Lair of Beasts
 24686 | Lair:5   | Reached skill level 13 in Spellcasting
 24971 | Lair:5   | Reached skill level 10 in Dodging
 25384 | Lair:5   | Reached XP level 15. HP: 124/124 MP: 22/32
 25699 | Lair:5   | Identified the +2 dagger of Oenomania {spect, Str+4}
 26207 | Lair:5   | Learned a level 7 spell: Storm Form
 26674 | D:13     | Found a gate to the Vaults.
 27338 | D:14     | Reached skill level 10 in Air Magic
 27839 | D:14     | Noticed Frances
 27851 | D:14     | Killed Frances
 28348 | D:15     | Entered Level 15 of the Dungeon
 28366 | D:15     | Learned a level 7 spell: Summon Hydra
 29038 | D:15     | Reached skill level 14 in Spellcasting
 29736 | D:15     | Found a staircase to the Depths.
 30047 | Snake:1  | Entered Level 1 of the Snake Pit
 30587 | Snake:1  | Found Cuprofyb's Weapon Shoppe.
 30893 | Snake:1  | Gained mutation: You are completely covered in rugged brown
                  | scales. (AC +3, +7% HP) [demonic ancestry]
 30893 | Snake:1  | Reached XP level 16. HP: 126/135 MP: 29/34
 31006 | Snake:2  | Noticed Vashnia
 31085 | Snake:2  | Found a sacrificial altar of Ru.
 31427 | Snake:2  | Shot with an arrow by a naga sharpshooter

Illustrated notes

Levels and vault maps discovered:
D:1:      dpeg_arrival_solitude, layout_loops_corners, minivault_14
D:2:      layout_basic
D:3:      layout_basic, nicolae_dithmenos_the_darkroom,
          ebering_ecumenical_altar_rust, minmay_starry_boxes
D:4:      layout_rooms, minmay_temple_entry_steel_oval, kennysheep_flooded_box,
          grunt_decor_resistance
D:5:      layout_cave_pools, minmay_misc_feat_columns, hex_medium,
          kennysheep_generic_room_16, uniq_crazy_yiuf_cottage
D:6:      nicolae_BIG_FREAKIN_CUBE, layout_basic, nicolae_elyvilon_temple_path
D:7:      layout_rooms, nzn_overflow_gifts_of_might_and_magic,
          minmay_quadrilaterals
D:8:      layout_loops_ring, lemuel_crystal_altar, nicolae_shop_unique_rings
D:9:      layout_rooms
D:10:     layout_roguey, zin_angel, enter_trove_3
D:11:     layout_long_grid, minmay_lair_entry_grove, david_orc_2,
          nicolae_specific_store
D:12:     layout_gridville, gauntlet_entry_generic
D:13:     layout_stronghold, skrybe_vaults_entry_preservation,
          serial_column_ruins, column_ruins_hut, column_ruins_columns_straight,
          column_ruins_open_small, column_ruins_open_tiny_water,
          column_ruins_open_small, uniq_azrael
D:14:     layout_basic, uniq_frances
D:15:     gammafunk_enter_depths_forms, layout_cave_pools,
          chequers_serial_rivers_micro_c
Temple:   nicolae_temple_x_marks_the_god
Lair:1:   layout_cave_pods, wad_woods_02, grunt_megastairs_2
Lair:2:   layout_loops_ring, minmay_shoals_entry_centaurs,
          guppyfry_snake_entry_garden
Lair:3:   layout_cave_pods, chequers_serial_rivers_large_a,
          nicolae_lair_liquid_snakes, uniq_sonja
Lair:4:   layout_gridlike, nicolae_slime_entry_field_trip,
          chequers_serial_rivers_small_a, uniq_kirke
Lair:5:   evilmike_catoblepas_cave, layout_hall_layers, roderic_batcave,
          nicolae_lair_lil_pond, grunt_megastairs_5
Snake:1:  layout_onion, serial_shops, nicolae_shop_crystal,
          nrook_guardian_serpent_ordinary
Snake:2:  layout_rooms, basic_altar, nicolae_shop_i_like_big_books,
          nicolae_snake_the_dead_are_slithering, lemuel_fruit_tree, uniq_vashnia
Orc:1:    layout_caves
Orc:2:    grunt_orc_gardens, layout_caves, grunt_orc_garden, grunt_orc_garden,
          grunt_orc_garden, grunt_orc_garden, uniq_snorg, uniq_donald, uniq_urug

Skill      XL: |  1  2  3  4  5  6  7  8  9 10 11 12 13 14 15 16 |
---------------+-------------------------------------------------+-----
Fighting       | 1 2 3 4 5 6 7 8 9 10 11 12 | 12.0
Spellcasting   | 3 4 5 6 8 9 11 12 13 14 | 14.3
Dodging        | 2 3 4 5 6 7 8 9 10 | 10.8
Air Magic      | 1 2 3 5 6 7 8 9 10 | 10.4
Summonings     | 5 6 7 8 9 10 11 | 11.3
Unarmed Combat | 1 3 5 6 7 |  7.6
Transmutations | 1 3 5 6 7 |  7.5
Stealth        | |  1.7

Action                     |  1- 3 |  4- 6 |  7- 9 | 10-12 | 13-15 | 16-18 || total
---------------------------+-------+-------+-------+-------+-------+-------++-------
  Melee: Spear             |    28 |     3 |       |       |       |       ||    31
         Unarmed           |     3 |       |       |       |       |       ||     3
         Whip              |       |    26 |       |       |       |       ||    26
         Staff             |       |    28 |   103 |   129 |   182 |     4 ||   446
         Punch             |       |     2 |       |     1 |    17 |       ||    20
   Cast: Summon Small Mamm |    49 |     7 |     2 |     3 |       |       ||    61
         Call Imp          |    30 |    18 |    16 |    16 |    12 |       ||    92
         Call Canine Famil |     1 |    20 |    44 |    56 |    80 |     1 ||   202
         Summon Guardian G |       |     5 |    29 |    57 |    41 |     1 ||   133
         Summon Lightning  |       |       |    18 |    69 |   125 |     4 ||   216
         Passwall          |       |       |       |     2 |       |       ||     2
         Blink             |       |       |       |     4 |     6 |       ||    10
         Summon Cactus Gia |       |       |       |       |   110 |     4 ||   114
         Summon Hydra      |       |       |       |       |    17 |     4 ||    21
 Invoke: Potion Petition   |       |       |       |     1 |     2 |       ||     3
  Evoke: Wand              |       |       |       |    11 |     4 |       ||    15
    Use: Potion            |     1 |     1 |     2 |     5 |     1 |       ||    10
         Scroll            |       |       |    11 |     6 |     7 |       ||    24
   Stab: Distracted        |       |     1 |     2 |       |     3 |       ||     6
         Petrified         |       |       |       |       |     1 |       ||     1
 Armour: Robe              |    15 |    20 |    42 |    92 |   165 |     6 ||   340
  Dodge: Dodged            |    61 |    41 |   175 |   260 |   438 |    18 ||   993

Table legend: (Time is in decaauts)
 A = Elapsed time spent in this place.
 B = Non-inter-level travel time spent in this place.
 C = Inter-level travel time spent in this place.
 D = Time resting spent in this place.
 E = Time spent auto-exploring this place.
 F = Levels seen in this place.
 G = Mean time per level.
                   A        B        C        D        E       F      G
               +--------+--------+--------+--------+--------+-----+--------+
         Total |  31571 |  29349 |   2222 |   5531 |  18351 |  26 | 1214.3 |
       Dungeon |  18811 |  17148 |   1663 |   2631 |  11408 |  15 | 1254.1 |
        Temple |     81 |     46 |     35 |      0 |     41 |   1 |   81.0 |
          Lair |   7162 |   6895 |    267 |    604 |   4931 |   5 | 1432.4 |
     Snake Pit |   1385 |   1323 |     62 |    344 |    757 |   2 |  692.5 |
  Orcish Mines |   4064 |   3872 |    192 |   1952 |   1201 |   2 | 2032.0 |
         Trove |     66 |     66 |      0 |      0 |     13 |   1 |   66.0 |
               +--------+--------+--------+--------+--------+-----+--------+

Top non-repeatable levels by time:
   Orc:1: 2837 daAuts
    D:11: 1816 daAuts
     D:1: 1722 daAuts
  Lair:5: 1627 daAuts
  Lair:4: 1592 daAuts
    D:13: 1550 daAuts
  Lair:1: 1446 daAuts
    D:14: 1441 daAuts
     D:5: 1414 daAuts
 Snake:1: 1322 daAuts
    D:10: 1300 daAuts
     D:3: 1299 daAuts
  Lair:3: 1287 daAuts
    D:12: 1269 daAuts
     D:7: 1253 daAuts
